 Dungeon Crawl Stone Soup version 0.13-a0-2236-g7be3fc8 (webtiles) character file.

180660 JacquesDerrida the Aerator (level 17, -18/111 HPs)
             Began as a Demigod Air Elementalist on July 4, 2013.
             Demolished by Mara
             ... wielding a +2,+1 demon trident of pain
              (19 damage)
             ... on Level 3 of the Snake Pit.
             The game lasted 04:19:47 (53895 turns).

JacquesDerrida the Aerator (DgAE)                  Turns: 53895, Time: 04:19:47

HP -18/111       AC 16     Str 18      XL: 17   Next: 31%
MP  32/41        EV 12     Int 31      God:
Gold 339         SH  0     Dex 17      Spells: 10 memorised, 13 levels left

Res.Fire  : . . .   See Invis. : .   l - +2,+0 flail (protect)
Res.Cold  : + . .   Warding    : .   g - -1 robe of Weigg {rC+ Int+3 Stlth++}
Life Prot.: . . .   Conserve   : .   (no shield)
Res.Poison: +       Res.Corr.  : .   y - +2 wizard hat {Int+3}
Res.Elec. : .       Clarity    : .   p - +0 orc cloak {rPois}
Sust.Abil.: . .     Spirit.Shd : .   z - +1 pair of elf gloves
Res.Mut.  : .       Stasis     : .   j - +1 pair of elf boots
Res.Rott. : .       Flight     : .   M - amulet of the gourmand
Gourmand  : +                        R - +3 ring of protection
                                     u - ring of wizardry

@: repel missiles, about to teleport, quick, quite resistant to hostile
enchantments, stealthy
A: Str +1
a: no special abilities


You were on level 3 of the Snake Pit.
You were very full.

You visited 4 branches of the dungeon, and saw 35 of its levels.
You also visited: Labyrinth and Sewer.

You collected 3024 gold pieces.
You spent 2705 gold pieces at shops.

Inventory:

Hand weapons
 b - the +5,+5 demon blade "Plofab" {pain, Str+4 Int-1}
   (You bought it in a shop on level 4 of the Orcish Mines)

   In the hands of one skilled in necromantic magic, it inflicts extra damage on
   living creatures.
   It affects your strength (+4).
   It affects your intelligence (-1).
 l - a +2,+0 flail of protection (weapon)
 m - the -2,-1 hand axe "Ehoseag" (quivered) {pain, SInv}
   (You found it in a labyrinth)

   In the hands of one skilled in necromantic magic, it inflicts extra damage on
   living creatures.
   It enhances your eyesight.
 v - a +0,+1 vampiric lajatang
 N - a +0,+2 demon blade of venom
Armour
 g - the cursed -1 robe of Weigg (worn) {rC+ Int+3 Stlth++}
   (You bought it in a shop on level 4 of the Orcish Mines)

   It affects your intelligence (+3).
   It protects you from cold.
   It makes you much more stealthy.
   It has a curse placed upon it.
 j - a +1 pair of elven boots (worn)
 p - a +0 orcish cloak of poison resistance (worn)
 y - a +2 wizard hat of intelligence (worn)
 z - a +1 pair of elven gloves (worn)
 L - a +1 plate armour of magic resistance
 S - a +1 buckler of reflection
Magical devices
 d - a wand of hasting (3) {unknown}
 e - a wand of heal wounds (0)
 i - a wand of fire (9)
 t - a wand of slowing (0)
 A - a wand of digging (14)
 C - a wand of digging (13)
 G - a wand of cold (9)
 T - a wand of teleportation (3)
Comestibles
 c - 8 bread rations
 o - a choko
 D - 4 meat rations
 E - an orange
 U - a rotting chunk of deep dwarf flesh
Scrolls
 f - 5 scrolls of remove curse
 k - a scroll of vulnerability {unknown}
 n - 4 scrolls of magic mapping
 s - 2 scrolls of teleportation
 B - 8 scrolls of identify
 H - 4 scrolls of fear
 K - a scroll of silence
 O - a scroll of amnesia
 V - a scroll of enchant weapon II
 Y - 3 scrolls of fog
Jewellery
 a - an uncursed amulet of resist mutation {unknown}
 r - an uncursed amulet of clarity
 u - a ring of wizardry (left hand)
 w - an uncursed amulet of stasis {unknown}
 I - an uncursed amulet of warding {unknown}
 J - an uncursed ring of see invisible
 M - an amulet of the gourmand (around neck)
 R - a +3 ring of protection (right hand)
 Z - an uncursed ring of protection from fire
Potions
 h - 2 potions of magic
 F - 2 potions of restore abilities
 P - 2 potions of berserk rage
 Q - 6 potions of curing
Magical staves
 q - an uncursed staff of summoning
 x - an uncursed staff of poison


   Skills:
   Level 0.5 Polearms
 - Level 1.7 Dodging
 - Level 1.7 Stealth
 - Level 18.3 Spellcasting
 - Level 6.6 Conjurations
 - Level 3.0 Transmutations
 - Level 3.5 Fire Magic
 + Level 20.8 Air Magic
 - Level 4.3 Poison Magic


You had 13 spell levels left.
You knew the following spells:

 Your Spells              Type           Power        Failure   Level  Hunger
a - Shock                 Conj/Air       ####         0%          1    None
b - Swiftness             Chrm/Air       #######...   1%          2    None
c - Airstrike             Air            ########..   0%          4    None
d - Flight                Chrm/Air       #######...   1%          3    None
e - Repel Missiles        Chrm/Air       #######...   1%          2    None
f - Lightning Bolt        Conj/Air       #######...   1%          5    None
g - Poisonous Cloud       Conj/Pois/Air  #######...   1%          6    None
h - Tornado               Air            ########..   10%         9    #######
i - Ignite Poison         Fire/Trmt      #####.....   4%          5    None
j - Blink                 Tloc           N/A          1%          2    None


Dungeon Overview and Level Annotations

Branches:
Dungeon (20/27)            Temple (0/1) D:5             Orc (4/4) D:11
    Elf (0/3) Orc:3          Lair (8/8) D:8          Shoals (0/5) Lair:3
  Snake (3/5) Lair:3        Slime (0/6) Lair:7       Vaults (0/5) D:18

Shops:
D:11: ( D:12: * D:13: % D:16: [ Orc:2: } Orc:4: *[+(/

Portals:
Ziggurat: D:19 (7930 gp)

Annotations
Lair:8 4tharraofdagon's ghost, powerful GrFE
Snake:3 Mara


Innate Abilities, Weirdness & Mutations

Your muscles are strong (Str +1).


Message History

Drink which item? (? for menu, Esc to quit)
Okay, then.
You are engulfed in raging winds.
Read which item? (? for menu, Esc to quit)
Okay, then.
Evoke which item? (* to show all) (? for menu, Esc to quit)
Okay, then.
Unknown command.
You are engulfed in raging winds.
The winds around you start to calm down.
You float gracefully downwards.
Mara misses you. Mara misses you.
Read which item? (? for menu, Esc to quit)
Okay, then.
Read which item? (? for menu, Esc to quit)
As you read the scroll of teleportation, it crumbles to dust.
You feel strangely unstable.
You are engulfed in raging winds.
Mara hits you but does no damage.
You writhe in agony.
* * * LOW HITPOINT WARNING * * *
Mara hits you from afar with a glowing demon trident!
You die...

#..................
#..##########...... #§§#
#...### #########§§#
#...# ......§§§§§# #..[#
##...§§§§§§# #...#
#...§§§§§§# #...#
#..§§§§§§§##########....
#..§§§§§§@§§§..@......
#..§§§§§§§§R####...
#...§§§§§§§R#
#..)§§§§§§§§#
######+#....§§§§§§§#
R........%..§§§§§§§#
........%#########§..
.$.......# §...
.>.......# .....


You could see 2 Maras and JacquesDerrida's illusion.

Vanquished Creatures
  A sphinx (D:19)
  Agnes (Snake:1)
  Aizul (D:15)
  Louise (Snake:2)
  2 orc warlords (Orc:4)
  Gastronok (D:10)
  Jorgrun (Snake:3)
  A minotaur (Lab)
  8 vault guards (D:18)
  Fannar (D:13)
  6 hydras
  Harold (Snake:1)
  An ogre mage (D:19)
  3 anacondas (Snake:2)
  3 orc high priests (Orc:4)
  11 death yaks (Lair:8)
  A stone giant zombie (D:17)
  A very ugly thing (D:19)
  Nergalle (D:14)
  A stone giant skeleton (D:19)
  A fire giant skeleton (D:19)
  3 catoblepae (Lair:8)
  A deep elf knight (D:19)
  20 centaur warriors
  4 skeletal warriors (D:18)
  2 naga warriors (Snake:1)
  13 hill giants
  8 orc knights
  4 unseen horrors
  A necromancer (D:18)
  A minotaur zombie (Lab)
  4 orc sorcerers
  Joseph (Lair:1)
  An oklob plant (Lair:6)
  5 giant amoebae
  A wolf spider (D:18)
  A sixfirhy (Orc:4)
  3 griffons
  A draconian (shapeshifter) (D:18)
  7 cyclopes
  38 slime creatures
  An ice dragon skeleton (D:18)
  2 elephant slugs
  3 elephants (Lair:8)
  16 spiny frogs
  An item mimic (D:15)
  5 yaktaurs
  4 griffon skeletons
  An ettin skeleton (D:19)
  2 hill giant zombies
  19 black mambas
  A feature mimic (D:19)
  A hellwing (Orc:4)
  4 naga magi (Snake:1)
  13 komodo dragons
  A deep troll zombie (D:18)
  8 two-headed ogres
  12 trolls
  A polar bear (Lair:7)
  2 agate snail zombies
  40 ugly things
  A queen bee (D:10)
  A basilisk (shapeshifter) (D:19)
  2 brown oozes (Lair:7)
  8 basilisks
  14 blink frogs
  6 wraiths
  A grizzly bear (Lair:6)
  A blink frog zombie (D:16)
  3 wyverns
  61 yaks
  3 trapdoor spiders
  5 hungry ghosts
  A deep elf conjurer (D:17)
  7 shadows
  A rock worm (D:17)
  2 fire drakes
  23 vampire mosquitoes
  2 fire crab zombies (D:18)
  13 wolves
  8 hippogriffs
  A deep elf fighter (D:17)
  5 manticores
  2 yaktaur zombies (D:18)
  2 yaktaur skeletons
  An agate snail simulacrum (D:17)
  2 soldier ants
  4 mottled dragons
  A wyvern skeleton (D:14)
  31 orc warriors
  A manticore skeleton (D:10)
  6 porcupines
  A necrophage (D:11)
  5 ice beasts
  A phantom (D:6)
  A rock worm zombie (D:17)
  4 sky beasts
  2 black bears (D:6)
  A cyclops skeleton (D:14)
  A boulder beetle zombie (D:19)
  12 ogres
  9 wargs
  17 crocodiles
  19 centaurs
  3 boring beetles
  2 big kobolds
  7 giant slugs
  A brain worm (D:18)
  38 nagas
  A basilisk zombie (D:14)
  3 deep elf magi
  26 water moccasins
  A two-headed ogre zombie (D:13)
  18 giant frogs
  6 agate snails
  2 giant frog skeletons
  A basilisk skeleton (D:16)
  3 spectral orcs (D:14)
  A rock worm simulacrum (D:14)
  32 killer bees
  3 eyes of draining
  2 jellyfish (Snake:2)
  9 electric eels (Snake:2)
  2 mottled dragon zombies
  4 crimson imps
  6 wights
  A big fish (Snake:2)
  An ogre skeleton (D:6)
  A gnoll shaman (D:5)
  2 goliath beetles
  14 iguanas
  19 orc priests
  A big kobold skeleton (D:15)
  Crazy Yiuf (D:6)
  13 scorpions
  15 hounds
  8 spiders (Snake:2)
  36 orc wizards
  5 worker ants
  10 deep elf soldiers
  A worker ant zombie (D:6)
  19 sheep
  7 jellies
  9 boggarts
  A mummy (D:9)
  8 gnolls
  27 adders
  3 giant centipedes
  An adder skeleton (D:7)
  6 giant mites
  59 green rats
  7 worms
  5 giant eyeballs
  An ooze (D:2)
  128 orcs
  10 giant cockroaches
  20 goblins
  20 hobgoblins
  42 jackals
  16 kobolds
  13 quokkas
  A ball python (Sewer)
  33 bats
  10 giant geckos
  10 giant newts
  5 giant spores
  A kobold skeleton (D:4)
  2 orc skeletons
  23 rats
  10 ballistomycetes
  8 fungi
  7 plants (Lair:8)
1407 creatures vanquished.

Vanquished Creatures (others)
  A stone giant skeleton (D:19)
  An unseen horror (D:10)
  A two-headed ogre zombie (D:14)
  3 orc priests
  A deep elf soldier (Orc:4)
  3 adders
  A jackal (Lair:1)
  A quokka (Lair:4)
  A spectral orc (D:14)
  2 goblins
  7 fungi (Lair:8)
  3 plants
25 creatures vanquished.

Grand Total: 1432 creatures vanquished

Notes
Turn   | Place    | Note
--------------------------------------------------------------
     0 | D:1      | JacquesDerrida, the Demigod Air Elementalist, began the quest for the Orb.
     0 | D:1      | Reached XP level 1. HP: 14/14 MP: 5/5
    70 | D:1      | Reached skill level 1 in Conjurations
   342 | D:1      | Reached XP level 2. HP: 18/20 MP: 6/6
   572 | D:1      | Learned a level 2 spell: Swiftness
  1233 | D:2      | Reached skill level 3 in Air Magic
  1247 | D:2      | Reached XP level 3. HP: 23/26 MP: 9/9
  2090 | D:3      | Reached XP level 4. HP: 26/33 MP: 6/12
  2922 | D:4      | Learned a level 4 spell: Airstrike
  2930 | D:4      | Noticed a yellow wasp
  3365 | D:4      | Reached XP level 5. HP: 34/38 MP: 8/14
  3384 | D:4      | Found a glowing drain.
  3438 | Sewer    | Entered a sewer
  3487 | Sewer    | Learned a level 3 spell: Flight
  3811 | D:4      | Paralysed by a giant eyeball for 4 turns
  3822 | D:4      | Paralysed by a giant eyeball for 4 turns
  4018 | D:4      | Noticed a manticore
  4238 | D:5      | Entered Level 5 of the Dungeon
  4246 | D:5      | Reached skill level 4 in Air Magic
  4274 | D:5      | Reached XP level 6. HP: 16/45 MP: 13/18
  4507 | D:5      | Noticed an ice beast
  4515 | D:5      | Learned a level 2 spell: Repel Missiles
  4540 | D:5      | Killed an ice beast
  4780 | D:5      | Reached skill level 5 in Air Magic
  4781 | D:5      | Reached XP level 7. HP: 37/50 MP: 14/20
  4783 | D:5      | Found a staircase to the Ecumenical Temple.
  5443 | D:5      | Reached skill level 5 in Spellcasting
  5964 | D:6      | Reached skill level 6 in Air Magic
  5965 | D:6      | Found a bloodstained altar of Trog.
  6000 | D:6      | Reached XP level 8. HP: 22/57 MP: 11/22
  6295 | D:6      | Found an ancient bone altar of Kikubaaqudgha.
  6496 | D:6      | Learned a level 5 spell: Lightning Bolt
  7302 | D:6      | Found a white marble altar of Elyvilon.
  7391 | D:6      | Noticed Crazy Yiuf
  7408 | D:6      | Killed Crazy Yiuf
  7526 | D:6      | Reached skill level 5 in Conjurations
  7894 | D:7      | Found a burning altar of Makhleb.
  8219 | D:7      | Reached XP level 9. HP: 60/62 MP: 25/25
  8453 | D:7      | Reached skill level 7 in Air Magic
  9197 | D:8      | Found a staircase to the Lair.
  9254 | Lair:1   | Entered Level 1 of the Lair of Beasts
  9504 | Lair:1   | Noticed Joseph
  9527 | Lair:1   | HP: 3/62 [Joseph/uncursed runed quarterstaff (9)]
  9528 | Lair:1   | Killed Joseph
  9528 | Lair:1   | Reached skill level 8 in Air Magic
  9971 | Lair:1   | Noticed a spiny frog
  9982 | Lair:1   | Killed a spiny frog
  9985 | Lair:1   | Noticed a spiny frog
  9995 | Lair:1   | Killed a spiny frog
  9995 | Lair:1   | Reached XP level 10. HP: 18/69 MP: 16/28
 11192 | D:8      | Reached skill level 9 in Air Magic
 11337 | D:9      | Paralysed by a giant eyeball for 4 turns
 12255 | D:10     | Entered Level 10 of the Dungeon
 12268 | D:10     | Noticed Gastronok
 12288 | D:10     | Killed Gastronok
 12288 | D:10     | Reached skill level 10 in Air Magic
 12774 | D:10     | stonewall: Чистый маг?
 12774 | D:10     | JacquesDerrida: А я не знаю
 12774 | D:10     | JacquesDerrida: Сначала хотел нет, но -1 не вдохновляют
 12775 | D:10     | stonewall: Статы как у чеи
 12775 | D:10     | JacquesDerrida: Бронированный твистер, хе-хе
 12775 | D:10     | JacquesDerrida: Броню прокачаю
 12906 | D:10     | stonewall: Ого, аирстрайк
 12920 | D:10     | JacquesDerrida: Да, я книжку небес сразу нашел
 12991 | D:10     | stonewall: Классно
 13024 | D:10     | JacquesDerrida: И гурман еще
 13024 | D:10     | JacquesDerrida: Тоже ниче так
 13024 | D:10     | JacquesDerrida: И визардри. И шапка гастронока...
 13024 | D:10     | JacquesDerrida: С гастронока
 13204 | D:10     | Killed an unseen horror
 13855 | D:10     | Reached XP level 11. HP: 74/74 MP: 24/30
 13993 | D:10     | Paralysed by a giant eyeball for 3 turns
 14287 | D:10     | Reached skill level 10 in Spellcasting
 14430 | D:11     | Found a staircase to the Orcish Mines.
 14749 | D:11     | Reached skill level 11 in Air Magic
 14993 | D:11     | Found Paunas' Antique Weapon Emporium.
 15817 | D:12     | Got a jewelled scale mail
 15823 | D:12     | Identified the cursed -5 scale mail "Bleck" {rC+ MR+} (You found it on level 12 of the Dungeon)
 15847 | D:12     | Noticed an unseen horror
 15853 | D:12     | Killed an unseen horror
 16698 | D:12     | Found a blossoming altar of Fedhas.
 17051 | D:12     | Found Straabom's General Store.
 17060 | D:12     | Bought a potion of beneficial mutation for 385 gold pieces
 17061 | D:12     | Gained mutation: You can breathe flames. [potion of beneficial mutation]
 17316 | D:12     | Reached skill level 12 in Air Magic
 19075 | D:13     | Reached XP level 12. HP: 72/81 MP: 23/33
 19300 | D:13     | Found Ruepila's Food Shoppe.
 19301 | D:13     | Noticed Fannar
 19324 | D:13     | Killed Fannar
 19530 | D:13     | Found a glowing golden altar of the Shining One.
 19567 | D:14     | Entered Level 14 of the Dungeon
 19604 | D:14     | Reached skill level 13 in Air Magic
 19610 | D:14     | Found a labyrinth entrance.
 19620 | Lab      | Entered a labyrinth
 20211 | Lab      | Noticed a minotaur
 20237 | Lab      | Killed a minotaur
 20271 | Lab      | Paralysed by a potion of paralysis for 2 turns
 20287 | Lab      | Got a pitted pewter amulet
 20288 | Lab      | Identified the amulet of Modesty {Spirit Str+2} (You found it in a labyrinth)
 20292 | Lab      | Got a fine hand axe
 20293 | Lab      | Identified the cursed hand axe "Ehoseag" {pain, SInv} (You found it in a labyrinth)
 20313 | Lab      | Identified a scroll of acquirement
 20605 | D:14     | Noticed Nergalle
 20632 | D:14     | Killed Nergalle
 20638 | D:14     | Noticed a centaur warrior
 20643 | D:15     | Entered Level 15 of the Dungeon
 20801 | D:14     | Killed a centaur warrior
 21008 | D:14     | Learned a level 6 spell: Poisonous Cloud
 21232 | D:14     | Reached skill level 1 in Poison Magic
 22276 | D:14     | Got a distressingly furry plate armour
 22278 | D:14     | Identified the -1 plate armour of the Game of Kings {Int+2} (You found it on level 14 of the Dungeon)
 22738 | D:15     | Noticed a centaur warrior
 22746 | D:15     | Killed a centaur warrior
 23008 | D:15     | Noticed a centaur warrior
 23016 | D:15     | Killed a centaur warrior
 23070 | D:15     | Noticed a seven-headed hydra
 23097 | D:15     | Killed a seven-headed hydra
 23190 | D:15     | Reached skill level 14 in Air Magic
 23453 | D:15     | Noticed a centaur warrior
 23467 | D:15     | Killed a centaur warrior
 23562 | D:15     | Noticed Aizul
 23922 | Lair:1   | Learned a level 9 spell: Tornado
 24229 | Lair:1   | Lost mutation: You can breathe flames. [potion of cure mutation]
 25225 | Lair:3   | Noticed a four-headed hydra
 25232 | Lair:3   | Killed a four-headed hydra
 25232 | Lair:3   | Reached XP level 13. HP: 86/86 MP: 11/35
 25234 | Lair:3   | Found a staircase to the Shoals.
 26425 | Lair:3   | Found a staircase to the Snake Pit.
 27644 | Lair:4   | Reached skill level 15 in Air Magic
 28259 | Lair:5   | Gained mutation: Your muscles are strong (Str +1). [potion of beneficial mutation]
 28961 | Lair:6   | Learned a level 5 spell: Ignite Poison
 29044 | Lair:6   | Reached skill level 1 in Fire Magic
 30222 | Lair:7   | Found a staircase to the Slime Pits.
 30234 | Lair:7   | Reached skill level 1 in Transmutations
 30564 | Lair:8   | Entered Level 8 of the Lair of Beasts
 30966 | Lair:8   | Noticed 4tharraofdagon's ghost (powerful GrFE)
 31258 | Lair:8   | Reached skill level 15 in Spellcasting
 32221 | Lair:8   | Reached skill level 16 in Air Magic
 32222 | Lair:8   | Reached XP level 14. HP: 80/93 MP: 15/37
 34038 | Lair:6   | Learned a level 2 spell: Blink
 34634 | Orc:1    | Entered Level 1 of the Orcish Mines
 34987 | Orc:2    | Found Ilessoma's Gadget Emporium.
 35673 | Orc:3    | Found a staircase to the Elven Halls.
 35764 | Orc:4    | Entered Level 4 of the Orcish Mines
 35770 | Orc:4    | Found Qagreug's Antique Weapon Emporium.
 35973 | Orc:4    | Noticed an orc warlord
 35979 | Orc:4    | Found Fowyakez's Book Shoppe.
 35989 | Orc:4    | stonewall: Неплохо
 35989 | Orc:4    | JacquesDerrida: )))
 35989 | Orc:4    | stonewall: Это игнайт?
 35989 | Orc:4    | JacquesDerrida: Там в магазе такое оружие
 35989 | Orc:4    | stonewall: Показалось что варлорд зачитал ворпалайз
 35989 | Orc:4    | JacquesDerrida: Даже жаль, что маг
 35989 | Orc:4    | stonewall: А что там?
 35989 | Orc:4    | JacquesDerrida: Белые лажатанг и демон блейд
 35989 | Orc:4    | JacquesDerrida: Плюс синенький трипл
 35989 | Orc:4    | stonewall: Хрень
 35989 | Orc:4    | JacquesDerrida: И еще по мелочи
 35989 | Orc:4    | JacquesDerrida: Синенький трипл не хрень D:
 35989 | Orc:4    | stonewall: Трипл разве что
 35989 | Orc:4    | JacquesDerrida: Вдруг лудяной...
 35998 | Orc:4    | Killed an orc warlord
 36387 | Orc:4    | Found Esyazio's General Store.
 36394 | Orc:4    | Reached skill level 17 in Air Magic
 36678 | Orc:4    | Found Plog's Antique Armour Emporium.
 36865 | Orc:4    | Bought a twisted robe for 165 gold pieces
 36869 | Orc:4    | Identified the cursed -1 robe of Weigg {rC+ Int+3 Stlth++} (You bought it in a shop on level 4 of the Orcish Mines)
 36891 | Orc:4    | Bought a glowing robe for 20 gold pieces
 36891 | Orc:4    | Bought a runed robe for 20 gold pieces
 37516 | Orc:4    | Found Phuaph's Magical Wand Shop.
 37856 | Orc:4    | Noticed an orc warlord
 37888 | Orc:4    | Killed an orc warlord
 38796 | Orc:4    | Bought a glowing triple sword for 800 gold pieces
 38800 | Orc:4    | Bought a crude demon blade for 1000 gold pieces
 38802 | Orc:4    | Identified the demon blade "Plofab" {pain, Str+4 Int-1} (You bought it in a shop on level 4 of the Orcish Mines)
 38977 | D:15     | Killed Aizul
 40057 | D:15     | Reached XP level 15. HP: 71/99 MP: 25/38
 41614 | D:16     | Found Mabicub's Antique Armour Shop.
 41623 | D:16     | Bought an ancient ring mail for 315 gold pieces
 41624 | D:16     | Identified the -5 ring mail of Greed {+Inv rF+ Dex+2} (You bought it in a shop on level 16 of the Dungeon)
 41965 | D:16     | Reached skill level 18 in Air Magic
 45554 | D:18     | Reached XP level 16. HP: 86/105 MP: 16/40
 46227 | D:18     | Reached skill level 19 in Air Magic
 47070 | D:18     | Found a staircase to the Vaults.
 47570 | D:19     | Found a gateway to a ziggurat.
 47882 | D:19     | Noticed a sphinx
 47884 | D:19     | Paralysed by a sphinx for 7 turns
 47893 | D:19     | Killed a sphinx
 49182 | D:19     | Reached skill level 20 in Air Magic
 49480 | D:20     | Entered Level 20 of the Dungeon
 50221 | Snake:1  | Entered Level 1 of the Snake Pit
 50517 | Snake:1  | Noticed Agnes
 50517 | Snake:1  | Noticed Harold
 51006 | Snake:1  | Reached XP level 17. HP: 111/111 MP: 33/41
 51079 | Snake:1  | Killed Harold
 51667 | Snake:1  | Killed Agnes
 52090 | Snake:2  | Noticed Louise
 52101 | Snake:2  | Killed Louise
 53511 | Snake:3  | Noticed Jorgrun
 53517 | Snake:3  | Killed Jorgrun
 53663 | Snake:3  | Noticed Mara
 53664 | Snake:3  | Noticed JacquesDerrida's illusion
 53883 | Snake:3  | Noticed Mara
 53883 | Snake:3  | Noticed Mara
 53895 | Snake:3  | Noticed JacquesDerrida's illusion
 53895 | Snake:3  | HP: 1/111 [Mara/demon trident of pain (8)]
 53895 | Snake:3  | Demolished by Mara

Action                   |  1- 3 |  4- 6 |  7- 9 | 10-12 | 13-15 | 16-18 || total
-------------------------+-------+-------+-------+-------+-------+-------++-------
Melee: Spear             |   130 |       |       |       |       |       ||   130
       Dagger            |     4 |    72 |    72 |       |       |       ||   148
       Trident           |       |       |    20 |     2 |       |       ||    22
       Flail             |       |       |       |   129 |   143 |    75 ||   347
       Staff             |       |       |       |       |   114 |       ||   114
       Lajatang          |       |       |       |       |       |     2 ||     2
Throw: Dagger            |     1 |       |       |       |       |       ||     1
 Cast: Shock             |    32 |   141 |   439 |   393 |   118 |       ||  1123
       Airstrike         |       |     2 |     2 |   265 |   147 |    67 ||   483
       Swiftness         |       |     2 |     8 |    18 |    15 |     6 ||    49
       Lightning Bolt    |       |       |     4 |    66 |    18 |     4 ||    92
       Repel Missiles    |       |       |     2 |     5 |    16 |     9 ||    32
       Flight            |       |       |       |     2 |     1 |     3 ||     6
       Poisonous Cloud   |       |       |       |    35 |   291 |    63 ||   389
       Ignite Poison     |       |       |       |       |    86 |    87 ||   173
       Tornado           |       |       |       |       |     3 |    12 ||    15
       Blink             |       |       |       |       |     2 |     1 ||     3
 Abil: Breathe Fire      |       |       |       |     1 |       |       ||     1
Evoke: Wand              |       |       |       |    18 |     3 |     2 ||    23
  Use: Scroll            |       |     2 |    20 |    18 |    21 |     5 ||    66
       Potion            |       |     2 |     8 |    14 |     9 |     3 ||    36
 Stab: Sleeping          |     3 |       |     3 |       |     3 |     1 ||    10
       Distracted        |       |     1 |       |       |     1 |       ||     2
